 Dungeon Crawl Stone Soup version 0.29.0-4-gdea44cf6ec (webtiles) character file.

Game seed: 4531298789747573086

1308 qw the Cleaver (level 8, -8/70 HPs)
             Began as a Minotaur Berserker on Sept 9, 2022.
             Was a Priest of Trog.
             Mangled by Sigmund
             ... wielding a +0 scythe
              (9 damage)
             ... on level 5 of the Dungeon.
             The game lasted 00:01:41 (4808 turns).

qw the Cleaver (Minotaur Berserker)                 Turns: 4808, Time: 00:01:42

Health: -8/70      AC:  9    Str: 24    XL:     8   Next: 32%
Magic:  7/7        EV: 11    Int: 10    God:    Trog [***...]
Gold:   363        SH:  0    Dex: 16    Spells: 7/7 levels left

rFire   . . .      SeeInvis .   Y - +2 hand axe
rCold   . . .      Faith    .   (no shield)
rNeg    . . .      Spirit   .   o - +0 scale mail
rPois   .          Reflect  .   (helmet restricted)
rElec   .          Harm     .   k - +0 cloak
rCorr   .          Rampage  .   a - +0 pair of gloves
Will    .....                   (no boots)
Stlth   ..........              (no amulet)
HPRegen 0.21/turn               n - +6 ring of intelligence
MPRegen 0.10/turn               d - +6 ring of dexterity

@: on berserk cooldown, slowed, very slow
A: horns 2, retaliatory headbutt
a: Renounce Religion, Berserk, Trog's Hand


You were on level 5 of the Dungeon.
You worshipped Trog.
Trog was most pleased with you.
You visited 1 branch of the dungeon, and saw 5 of its levels.
You also visited: Sewer.

You collected 363 gold pieces.


Innate Abilities, Weirdness & Mutations

You have a pair of horns on your head.
You reflexively headbutt those who attack you in melee.


   Skills:
 - Level 6.0 Fighting
 + Level 11.2 Axes
 - Level 3.0 Armour
 - Level 3.0 Dodging


You had 7 spell levels left.
You didn't know any spells.
Your spell library was empty.

Inventory:

Hand Weapons
 j - a +0 flail
 Y - a +2 hand axe (weapon)
Armour
 a - a +0 pair of gloves (worn)
 k - a +0 cloak (worn)
 o - a +0 scale mail (worn)
Jewellery
 d - a +6 ring of dexterity (right hand)
 f - a +6 ring of strength
 g - a ring of fire
 n - a +6 ring of intelligence (left hand)
Scrolls
 i - a scroll of identify
 m - a scroll of silence {unknown}
Potions
 b - 2 potions of heal wounds
 c - a potion of attraction {unknown}
 e - a potion of haste {unknown}
 h - 2 potions of curing
 l - a potion of mutation {unknown}

Dungeon Overview and Level Annotations

Branches:
Dungeon (5/15)              Sewer (visited)
 Temple: D:4-7

Altars:
Ashenzari
Cheibriados
Trog

Annotations:
D:5 Sigmund


Message History

You swing at nothing.
Something hits you!
You swing at nothing.
You hear some strange, mumbled words.
Something tries to affect you, but you resist.
You swing at nothing.
Something hits you!
You swing at nothing.
Something hits you but does no damage.
You swing at nothing.
You swing at nothing.
You hear some strange, mumbled words.
A puff of flame appears from out of thin air!
The puff of flame hits you.
You swing at nothing.
Something hits you but does no damage.
You swing at nothing.
Something hits you but does no damage.
You swing at nothing.
You hear some strange, mumbled words.
Something tries to affect you, but you resist.
You swing at nothing.
You hear some strange, mumbled words.
Something tries to affect you, but you resist.
You swing at nothing.
You hear some strange, mumbled words.
A puff of flame appears from out of thin air!
The puff of flame hits you!
You swing at nothing.
Something hits you but does no damage.
You swing at nothing.
A magic dart appears from out of thin air!
The magic dart hits you!
You swing at nothing.
Something completely misses you.
You swing at nothing.
Something hits you.
You swing at nothing.
Something hits you!
You die...

...# #.... ...# ....
....# ##... #...#
#.... #...#.......####
#.... #...#........(..
##...##...#...........
#....#....#...........
#..{.@....#...........
#....#....#...........
##...##...#......<....
######...#...........
........'...........
........#...........
.........#...........
######...#...........
#####...........


There were no monsters in sight!

Vanquished Creatures
  Pikel (D:4)
  A water moccasin (Sewer)
  A black bear (D:5)
  An ogre (D:4)
  4 lemures (D:4)
  A kobold brigand (D:4)
  A necrophage (D:5)
  A scorpion (D:5)
  A wight (D:4)
  A hound (D:5)
  A jelly (D:4)
  Jessica (D:2)
  2 iguanas
  A gnoll (D:1)
  2 river rats (D:4)
  5 adders
  2 worms
  2 dart slugs (D:5)
  3 orcs
  7 ball pythons
  13 bats
  4 endoplasms
  4 giant cockroaches
  13 goblins
  8 hobgoblins
  4 jackals (D:4)
  6 quokkas
  3 frilled lizards
  8 kobolds
  12 rats
114 creatures vanquished.

Notes
Turn   | Place    | Note
-------+----------+-------------------------------------------
     0 | D:1      | qw the Minotaur Berserker began the quest for the Orb.
     0 | D:1      | Reached XP level 1. HP: 19/19 MP: 0/0
     0 | D:1      | 0 ||| qw: Version: 0.1-a-113-g051387a
     0 | D:1      | 0 ||| qw: Game counter: 7178
     0 | D:1      | 0 ||| qw: Always use a shield: true
     0 | D:1      | 0 ||| qw: Do Orc after D:15 true
     0 | D:1      | 0 ||| qw: Do second Lair branch before Depths: true
     0 | D:1      | 0 ||| qw: Lair rune preference: random
     0 | D:1      | 0 ||| qw: Plans: Normal
     0 | D:1      | 0 ||| PLANNING D:1-11
    67 | D:1      | Reached skill level 4 in Axes
   326 | D:1      | Reached XP level 2. HP: 26/26 MP: 1/1
   482 | D:1      | 482 ||| INVOKING Berserk.
   488 | D:1      | Reached skill level 5 in Axes
   488 | D:1      | Reached XP level 3. HP: 31/31 MP: 2/2
   726 | D:1      | Reached ** piety under Trog
  1009 | D:1      | 1009 ||| UPGRADING to +0 leather armour.
  1019 | D:1      | 1019 ||| DROPPING +0 animal skin.
  1020 | D:1      | 1020 ||| UPGRADING to +0 cloak.
  1025 | D:1      | 1025 ||| UPGRADING to +0 ring mail.
  1035 | D:1      | 1035 ||| DROPPING +0 leather armour.
  1036 | D:1      | 1036 ||| UPGRADING to +0 scale mail.
  1046 | D:1      | 1046 ||| DROPPING +0 ring mail.
  1047 | D:1      | 1047 ||| UPGRADING to +6 ring of intelligence.
  1048 | D:1      | 1048 ||| READING scroll labelled FYRHOPTIL MAVO.
  1049 | D:1      | 1049 ||| READING scroll labelled ELEUTE TOQEOPO.
  1050 | D:1      | 1050 ||| READING scroll labelled WOFRAH HINYIHO.
  1051 | D:1      | 1051 ||| READING scroll labelled REXZYO KAOTETH.
  1052 | D:1      | 1052 ||| READING scroll labelled WIASOS ZEALU.
  1089 | D:2      | 1089 ||| Stepping ~*~*~tactically~*~*~ (stealth).
  1188 | D:2      | Noticed Jessica
  1189 | D:2      | 1189 ||| Stepping ~*~*~tactically~*~*~ (hiding).
  1190 | D:2      | 1190 ||| Stepping ~*~*~tactically~*~*~ (hiding).
  1192 | D:2      | 1192 ||| Stepping ~*~*~tactically~*~*~ (hiding).
  1194 | D:2      | 1194 ||| Stepping ~*~*~tactically~*~*~ (hiding).
  1195 | D:2      | 1195 ||| Stepping ~*~*~tactically~*~*~ (hiding).
  1204 | D:2      | Killed Jessica
  1205 | D:2      | Reached skill level 6 in Axes
  1205 | D:2      | Reached XP level 4. HP: 22/39 MP: 3/3
  1992 | D:2      | Found a faded altar of an unknown god.
  2154 | D:2      | 2154 ||| UPGRADING to +0 pair of gloves.
  2159 | D:2      | 2159 ||| UPGRADING to +6 ring of dexterity.
  2160 | D:2      | 2160 ||| READING scroll labelled KIDUKA JOUTYMU.
  2161 | D:2      | 2161 ||| READING scroll labelled POTOEZX GAMURE.
  2162 | D:2      | 2162 ||| READING scroll labelled VEWORU RAOLUF.
  2163 | D:2      | 2163 ||| DRINKING 2 metallic green potions.
  2338 | D:3      | 2338 ||| INVOKING Berserk.
  2341 | D:3      | Reached skill level 7 in Axes
  2341 | D:3      | Reached XP level 5. HP: 45/45 MP: 4/4
  2489 | D:3      | 2489 ||| DROPPING +0 mace.
  2513 | D:3      | Found a broken altar of Ashenzari.
  2519 | D:3      | Identified the +6 dire flail "Hyboeres" {drain, Fly rN++
                  | Str+2 Dex-4}
  2542 | D:3      | 2542 ||| READING scroll of enchant weapon.
  2542 | D:3      | 2542 ||| ENCHANTING +1 hand axe.
  2663 | D:3      | Found a snail-covered altar of Cheibriados.
  2973 | D:3      | 2973 ||| READING scroll labelled DOXZI QOEZUFF.
  2990 | D:4      | 2990 ||| PLANNING SEWER
  3011 | D:4      | 3011 ||| Stepping ~*~*~tactically~*~*~ (stealth).
  3105 | D:4      | Found a bloodstained altar of Trog.
  3182 | D:4      | 3182 ||| Stepping ~*~*~tactically~*~*~ (stealth).
  3257 | D:4      | Reached *** piety under Trog
  3307 | D:4      | Found a glowing drain.
  3316 | Sewer    | Entered a sewer
  3351 | Sewer    | Noticed a water moccasin
  3358 | Sewer    | Killed a water moccasin
  3359 | Sewer    | Reached skill level 8 in Axes
  3359 | Sewer    | Reached XP level 6. HP: 46/52 MP: 5/5
  3424 | Sewer    | 3424 ||| DROPPING orb of mayhem.
  3433 | D:4      | 3433 ||| PLANNING D:1-11
  3524 | D:4      | Noticed Pikel
  3526 | D:4      | 3526 ||| INVOKING Berserk.
  3542 | D:4      | Killed Pikel
  3543 | D:4      | Reached skill level 10 in Axes
  3543 | D:4      | Reached XP level 7. HP: 59/59 MP: 6/6
  3886 | D:4      | 3886 ||| INVOKING Berserk.
  4233 | D:4      | Reached skill level 3 in Dodging
  4233 | D:4      | Reached XP level 8. HP: 48/68 MP: 7/7
  4340 | D:4      | 4340 ||| DRINKING 2 yellow potions.
  4385 | D:4      | 4385 ||| READING 2 scrolls of identify.
  4385 | D:4      | 4385 ||| IDENTIFYING red potion
  4386 | D:4      | 4386 ||| DROPPING potion of lignification.
  4409 | D:5      | Entered Level 5 of the Dungeon
  4461 | D:5      | Reached skill level 3 in Armour
  4539 | D:5      | 4539 ||| Stepping ~*~*~tactically~*~*~ (hiding).
  4555 | D:5      | 4555 ||| INVOKING Berserk.
  4560 | D:5      | Reached skill level 6 in Fighting
  4729 | D:5      | Reached skill level 11 in Axes
  4777 | D:5      | Noticed Sigmund
  4778 | D:5      | 4778 ||| Stepping ~*~*~tactically~*~*~ (hiding).
  4786 | D:5      | 4786 ||| INVOKING Berserk.
  4803 | D:5      | HP: 12/70 [something/puff of flame (8)]
  4805 | D:5      | HP: 3/70 [something/magic dart (9)]
  4807 | D:5      | HP: 1/70 [something (3)]
  4808 | D:5      | Mangled by Sigmund

Levels and vault maps discovered:
D:1:      onia_arrival_handbag, layout_rooms, serial_forest,
          infiniplex_forest_split, infiniplex_forest_clump_small,
          infiniplex_forest_end_3, infiniplex_forest_straight_2,
          infiniplex_forest_straight_2, minivault_27, minmay_hexomino_f4
D:2:      kennysheep_six_static_rooms, layout_basic,
          shapermc_ecumenical_altar_mp_vishouse, uniq_jessica
D:3:      layout_basic, chei_slow_surprise, nicolae_ashenzari_panopticon
D:4:      layout_cave_pods, trog_hazing_becter, portal_sewer_entry_b,
          minmay_small_thing, uniq_pikel
D:5:      layout_gridville, uniq_sigmund

Skill      XL: |  1  2  3  4  5  6  7  8 |
---------------+-------------------------+-----
Axes           | 4 5 6 7 8 10 11 | 11.2
Fighting       | 4 5 6 |  6.0
Dodging        | 3 |  3.0
Armour         | 3 |  3.0

Action                   |  1- 3 |  4- 6 |  7- 9 || total
-------------------------+-------+-------+-------++-------
Melee: Hand axe          |    76 |   125 |    56 ||   257
       Headbutt          |     6 |    19 |    12 ||    37
       Punch             |     1 |       |     1 ||     2
Throw: Boomerang         |       |    43 |     8 ||    51
Invok: Berserk           |     1 |     2 |     3 ||     6
  Use: Scroll            |     5 |     5 |     1 ||    11
       Potion            |       |     1 |     1 ||     2
Armor: Animal skin       |     6 |       |       ||     6
       Scale mail        |     3 |    46 |    20 ||    69
Dodge: Dodged            |    44 |    62 |    16 ||   122

Table legend:
 A = Non-vault XP
 B = Vault XP
 C = Vault XP percentage of total XP
 D = Non-vault monster count
 E = Vault monster count
 F = Vault count percentage of total count
                 A         B        C        D         E       F
            +---------+---------+-------+---------+---------+-------
      Total |     763 |    1106 |  59.2 |      78 |      32 |  29.1
            +---------+---------+-------+---------+---------+-------
        D:1 |      44 |      12 |  21.4 |      21 |       8 |  27.6
        D:2 |      40 |      59 |  59.6 |      18 |       7 |  28.0
        D:3 |      58 |       0 |   0.0 |      13 |       0 |   0.0
        D:4 |     185 |     884 |  82.7 |      15 |      12 |  44.4
        D:5 |     436 |       0 |   0.0 |      11 |       0 |   0.0
      Sewer |       0 |     151 | 100.0 |       0 |       5 | 100.0
            +---------+---------+-------+---------+---------+-------
